 Dungeon Crawl Stone Soup version 0.21.1-1-g345015fe64 (webtiles) character file.

211 Toric3141 the Covered (level 5, 0/47 HPs)
             Began as a Minotaur Fighter on Feb 18, 2018.
             Slain by a scorpion (6 damage)
             ... on level 3 of the Dungeon.
             The game lasted 00:47:27 (2708 turns).

Toric3141 the Covered (Minotaur Fighter)            Turns: 2708, Time: 00:47:28

Health: 0/47       AC: 10    Str: 20    XL:     5   Next: 57%
Magic:  4/4        EV:  8    Int:  5    God:
Gold:   102        SH:  0    Dex: 11    Spells: 4/4 levels left

rFire    . . .     SeeInvis .   a - +0 trident
rCold    . . .     Gourm    .   (no shield)
rNeg     . . .     Faith    .   W - +1 chain mail
rPois    .         Spirit   .   (helmet restricted)
rElec    .         Reflect  .   (no cloak)
rCorr    .         Harm     .   (no gloves)
MR       .....                  (no boots)
Stlth    ..........             (no amulet)
HPRegen  0.15/turn              (no ring)
MPRegen  0.09/turn              (no ring)

@: lethally poisoned (0 -> -3)
A: retaliatory headbutt, horns 2
a: no special abilities


You were on level 3 of the Dungeon.
You were not hungry.

You visited 1 branch of the dungeon, and saw 3 of its levels.

You collected 102 gold pieces.

Inventory:

Hand Weapons
 a - a +0 trident (weapon)
 f - a +0 falchion
 h - a +0 whip
 i - a +0 club
 j - a cursed -1 dagger
 k - a +0 club
 r - a +0 dagger
 t - a +0 club
 u - a +0 short sword
 v - a +0 short sword
 x - a +0 club
 y - a +0 dagger
 z - a +0 club
 C - a +0 dagger
 D - a +0 short sword
 F - a +0 hand axe
 I - a +0 club
 J - a cursed -2 hunting sling
 L - a +0 club
 O - a +0 dagger
 Q - a +0 whip
 Z - a +0 hunting sling of velocity
Missiles
 e - 66 arrows
 l - 36 sling bullets
 q - 216 stones (quivered)
 R - 30 bolts
 S - 7 poisoned needles
 X - 3 tomahawks of dispersal
Armour
 b - a +0 scale mail
 c - a +0 shield
 p - a +0 leather armour
 w - a +0 chain mail
 G - a +0 ring mail
 T - a +0 chain mail
 V - a +0 leather armour
 W - a +1 chain mail (worn)
 Y - a +0 ring mail
Jewellery
 H - an uncursed ring of fire {unknown}
Wands
 U - a wand of polymorph (10)
Scrolls
 m - 2 scrolls of teleportation
 n - a scroll of blinking
 o - a scroll of random uselessness {unknown}
 s - 3 scrolls of fear
 B - 4 scrolls of identify {unknown}
 E - a scroll of magic mapping
 K - a scroll of fog {unknown}
 P - a scroll of remove curse
Potions
 d - a potion of might
 g - 2 potions of heal wounds
 A - a potion of curing {unknown}
 M - a potion of degeneration {unknown}
 N - 3 potions of magic {unknown}


   Skills:
 + Level 4.4 Fighting
 + Level 4.4 Polearms
 + Level 5.1 Armour
 + Level 1.0 Dodging
 + Level 4.6 Shields


You had 4 spell levels left.
You didn't know any spells.

Dungeon Overview and Level Annotations

Branches:
Dungeon (3/15)

Altars:
Qazlal
The Shining One


Innate Abilities, Weirdness & Mutations

You reflexively headbutt those who attack you in melee.
You have a pair of horns on your head.


Message History

You feel sick. The scorpion closely misses you.
You feel sick. The scorpion stings you.
A kobold comes into view. It is wielding a short sword.
You feel sick.
The kobold shouts!
The scorpion stings you.
You feel sick. The scorpion stings you.
* * * LOW HITPOINT WARNING * * *
You feel sick.
The scorpion stings you but does no damage.
The scorpion barely misses you.
You feel sick. The scorpion barely misses you. The scorpion stings you.
* * * LOW HITPOINT WARNING * * *
The kobold drinks a potion.
The kobold seems to grow stronger.
You feel sick.
The scorpion stings you but does no damage.
The scorpion closely misses you.
You feel sick. The scorpion stings you.
You die...

*#######*** *.......,,*
*.......,,* *.......,,*
*.......,,*
################r......,,,
#>.......@sK.(.((.(....,,,
#.###################..,,, #.#
### **,,,,, #.# ##.# *,,,,,,
######.##### ##..# *,,,,,,
##..........# ##...# *,,,,,,
#...........######....###**,,,,,
#.........)†#......#..#.##*,,,,,
#...........'.#######.._.#*,,,,,


You could see a scorpion, a kobold and a rat (wandering).

Vanquished Creatures
  A centaur (D:3)
  Natasha (D:3)
  An adder (D:3)
  4 worms
  A leopard gecko (D:2)
  8 orcs
  4 bats
  6 giant cockroaches
  8 goblins
  12 hobgoblins
  2 jackals (D:1)
  12 kobolds
  3 frilled lizards
  5 rats
68 creatures vanquished.

Notes
Turn   | Place    | Note
-------+----------+-------------------------------------------
     0 | D:1      | Toric3141 the Minotaur Fighter began the quest for the Orb.
     0 | D:1      | Reached XP level 1. HP: 19/19 MP: 0/0
   133 | D:1      | Reached XP level 2. HP: 26/27 MP: 1/1
   369 | D:1      | Reached skill level 4 in Armour
   715 | D:1      | Reached XP level 3. HP: 31/33 MP: 2/2
  1797 | D:2      | Found a stormy altar of Qazlal.
  1944 | D:2      | Reached XP level 4. HP: 37/40 MP: 3/3
  2415 | D:3      | Noticed a centaur
  2428 | D:3      | Killed a centaur
  2428 | D:3      | Reached skill level 1 in Dodging
  2428 | D:3      | Reached XP level 5. HP: 45/47 MP: 4/4
  2431 | D:3      | Reached skill level 5 in Armour
  2573 | D:3      | Noticed Natasha
  2584 | D:3      | Killed Natasha
  2634 | D:3      | Found a glowing golden altar of the Shining One.
  2708 | D:3      | Slain by a scorpion

Skill      XL: |  1  2  3  4  5 |
---------------+----------------+-----
Armour         | 4 5 |  5.1
Shields        | 4 |  4.6
Fighting       | 4 |  4.4
Polearms       | 3 4 |  4.4
Dodging        | 1 |  1.0

Action                   |  1- 3 |  4- 6 || total
-------------------------+-------+-------++-------
Melee: Trident           |   122 |    44 ||   166
       Headbutt          |    19 |     8 ||    27
 Fire: Hunting sling     |       |     4 ||     4
Throw: Stone             |       |     1 ||     1
  Use: Scroll            |       |     6 ||     6
       Potion            |       |     1 ||     1
  Eat: Ration            |     1 |     1 ||     2
Armor: Scale mail        |    41 |     4 ||    45
       Chain mail        |       |    12 ||    12
Dodge: Dodged            |    39 |    26 ||    65
Block: Shield            |    57 |    10 ||    67
